 Dungeon Crawl Stone Soup version 0.29.1-13-g9f3cf754e1 (webtiles) character file.

Game seed: 14863541431723701494

3110 BabyfaceFinlayson the Covert (level 9, -4/41 HPs)
             Began as a Spriggan Enchanter on Feb 5, 2023.
             Slain by a cyan ugly thing (12 damage)
             ... on level 8 of the Dungeon.
             The game lasted 00:35:49 (7454 turns).

BabyfaceFinlayson the Covert (Spriggan Enchanter)   Turns: 7454, Time: 00:35:50

Health: -4/41      AC:  5    Str:  8    XL:     9   Next: 60%
Magic:  24/31      EV: 19    Int: 23    God:
Gold:   205        SH:  0    Dex: 18    Spells: 9/24 levels left

rFire   . . .      SeeInvis +   t - +10 hand axe of Bodily Humours {chaos, Dex+3}
rCold   . . .      Faith    .   (no shield)
rNeg    . . .      Spirit   .   b - +0 robe
rPois   .          Reflect  .   (helmet restricted)
rElec   .          Harm     .   i - +2 cloak {rCorr}
rCorr   +          Rampage  .   (gloves unavailable)
Will    +....                   (boots unavailable)
Stlth   +++++.....              (no amulet)
HPRegen 0.13/turn               c - +6 ring of intelligence
MPRegen 0.22/turn               j - ring of magical power

@: very quick
A: very small, no large weapons, unfitting armour, see invisible, speed 3
a: no special abilities


You were on level 8 of the Dungeon.
You visited 2 branches of the dungeon, and saw 9 of its levels.

You collected 246 gold pieces.
You spent 41 gold pieces at shops.

Inventory:

Hand Weapons
 a - a +1 dagger
 p - a +0 short sword of venom
 t - the +10 hand axe of Bodily Humours (weapon) {chaos, Dex+3}
   (You found it on level 8 of the Dungeon)

   Each time it hits an enemy it has a different, random effect.
   Dex:       It affects your dexterity (+3).
Armour
 b - a +0 robe (worn)
 i - a +2 cloak of preservation (worn)
 k - a scarf of repulsion
Jewellery
 c - a +6 ring of intelligence (left hand)
 j - a ring of magical power (right hand)
Wands
 d - a wand of acid (1)
 m - a wand of mindburst (18)
 q - a wand of polymorph (9)
Scrolls
 f - 2 scrolls of poison
 h - 4 scrolls of teleportation
 s - a scroll of brand weapon {unknown}
Potions
 e - a potion of mutation {unknown}
 g - 2 potions of flight
 l - 3 potions of resistance {unknown}
 n - a potion of might
 o - a potion of heal wounds
 r - a potion of curing


   Skills:
 + Level 1.1 Fighting
 + Level 3.7 Short Blades
 + Level 4.2 Dodging
 + Level 12.4 Stealth
 + Level 8.3 Spellcasting
 + Level 7.3 Hexes
 + Level 2.8 Necromancy
 + Level 3.3 Ice Magic
 + Level 1.2 Evocations


You had 9 spell levels left.
You knew the following spells:

 Your Spells              Type           Power      Damage    Failure   Level
a - Ensorcelled Hibernat  Hex/Ice        68%        N/A       1%          2
b - Necrotise             Necr           88%        1d8       1%          1
c - Tukima's Dance        Hex            43%        N/A       1%          3
d - Dazzling Flash        Conj/Hex       52%        N/A       4%          3
e - Vampiric Draining     Necr           22%        2d7       6%          3
f - Summon Guardian Gole  Hex/Summ       26%        N/A       4%          3

Your spell library contained the following spells:

 Spells                   Type           Power      Damage    Failure   Level
 Confusing Touch          Hex            43%        N/A       1%          3
 Poisonous Vapours        Pois/Air       18%        N/A       11%         2
 Corpse Rot               Necr/Pois/Air  13%        N/A       41%         4
 Agony                    Necr           22%        N/A       50%         5
 Orb of Destruction       Conj           4%         9d5       100%        7
 Spellforged Servitor     Conj/Summ      4%         N/A       100%        7


Dungeon Overview and Level Annotations

Branches:
Dungeon (8/15)             Temple (1/1) D:4
   Lair: D:8-11

Altars:
Cheibriados
Elyvilon
Fedhas
Gozag
Kikubaaqudgha
Makhleb
Okawaru
Qazlal
Ru
Trog
Uskayaw
Zin
Lugonu

Shops:
D:4 *

Annotations:
D:6 2 transporters, Gabide's ghost, novice FoBe


Innate Abilities, Weirdness & Mutations

You are very small and have problems with some larger weapons.
You are too small for most types of armour.
You have supernaturally acute eyesight. (SInv)
You cover ground extremely quickly. (Speed+++)


Message History

Casting: Ensorcelled Hibernation (safe; 1% risk of failure)
Confirm with . or Enter, or press ? or * to list all spells.
Aiming: Ensorcelled Hibernation (safe; 1% risk of failure)
Press: ? - help, Shift-Dir - straight line, f/p - cyan ugly thing
Aim: a cyan ugly thing (chance to affect: 45%)
The cyan ugly thing resists with some effort.
You hit the cyan ugly thing. You freeze the cyan ugly thing.
The cyan ugly thing is lightly wounded.
The cyan ugly thing tentacle-slaps you but does no damage.
The cyan ugly thing tentacle-slaps you! The cyan ugly thing shocks you!
Found a scroll of noise.
Casting: Ensorcelled Hibernation (safe; 1% risk of failure)
Confirm with . or Enter, or press ? or * to list all spells.
You can't see any susceptible monsters within range! (Use Z to cast anyway.)
Casting: Ensorcelled Hibernation (safe; 1% risk of failure)
Confirm with . or Enter, or press ? or * to list all spells.
Casting: Dazzling Flash (dangerous; 4% risk of failure)
Press: ? - help, Dir - look around, f - activate
Found a glaive.
Casting: Dazzling Flash (dangerous; 4% risk of failure)
Confirm with . or Enter, or press ? or * to list all spells.
Aiming: Ensorcelled Hibernation (safe; 1% risk of failure)
Press: ? - help, Shift-Dir - straight line, f - cyan ugly thing
Aim: a cyan ugly thing (lightly wounded, chance to affect: 45%)
The cyan ugly thing resists with some effort.
Casting: Ensorcelled Hibernation (safe; 1% risk of failure)
Confirm with . or Enter, or press ? or * to list all spells.
Aiming: Ensorcelled Hibernation (safe; 1% risk of failure)
Press: ? - help, Shift-Dir - straight line, f/p - cyan ugly thing
Aim: a cyan ugly thing (chance to affect: 45%)
The cyan ugly thing looks drowsy...
The helpless cyan ugly thing fails to defend itself.
You slice the cyan ugly thing!!
The cyan ugly thing gurgles horribly!
The cyan ugly thing seems to speed up.
The cyan ugly thing is moderately wounded.
The cyan ugly thing tentacle-slaps you!
* * * LOW HITPOINT WARNING * * *
The cyan ugly thing shocks you!
You die...

#. ...
)#g##.#############
.#...........g....#
...........?.####.#
...............##.###.#
.#....######g#.#..)...#
.<.......g...#.#g.#####
#.....######.#.#u.#
......# #####.#@.##
#.#...# ..........#
......# #####.#.###
#.##..# ...#.# ...#..#
### #.# #.##..# # #.#
#.##..#.# #.# #.#..##.#
..# ........##### ###


You could see a cyan ugly thing (fast) and a gnoll.

Vanquished Creatures
  A wyvern (D:7)
  An ice beast (D:6)
  An orc warrior (D:7)
  3 black bears
  2 ogres
  2 centaurs (D:5)
  2 phantoms
  2 kobold brigands (D:7)
  3 bullfrogs
  4 scorpions
  A gnoll sergeant (D:6)
  A necrophage (D:5)
  4 wights
  2 howler monkeys
  5 hounds
  Crazy Yiuf (D:2)
  4 jellies
  2 iguanas
  Natasha (thrice) (D:2)
  4 orc wizards
  3 gnolls
  9 adders
  2 shadow imps (D:5)
  3 white imps
  2 worms
  15 orcs
  4 ball pythons
  6 endoplasms
  A giant cockroach (D:1)
  4 goblins
  4 hobgoblins
  3 jackals (D:5)
  13 kobolds
  2 quokkas
  2 bats
  2 frilled lizards
  5 rats
128 creatures vanquished.

Vanquished Creatures (collateral kills)
  5 wights
  A jelly (D:6)
  A white imp (D:5)
  2 orcs
  An endoplasm (D:1)
10 creatures vanquished.

Vanquished Creatures (others)
  4 dancing weapons
  A human (D:4)
5 creatures vanquished.

Grand Total: 143 creatures vanquished

Notes
Turn   | Place    | Note
-------+----------+-------------------------------------------
     0 | D:1      | BabyfaceFinlayson the Spriggan Enchanter began the quest
                  | for the Orb.
     0 | D:1      | Reached XP level 1. HP: 9/9 MP: 5/5
   629 | D:1      | Reached XP level 2. HP: 13/13 MP: 6/6
   637 | D:1      | Learned a level 2 spell: Ensorcelled Hibernation
   639 | D:1      | Learned a level 1 spell: Necrotise
   792 | D:1      | Found a faded altar of an unknown god.
  1118 | D:2      | Reached skill level 5 in Stealth
  1270 | D:2      | Found a runed translucent door.
  1271 | D:2      | Noticed Crazy Yiuf
  1349 | D:2      | Killed Crazy Yiuf
  1350 | D:2      | Reached XP level 3. HP: 16/16 MP: 0/8
  1475 | D:2      | Noticed a scorpion
  1487 | D:2      | Reached XP level 4. HP: 21/21 MP: 0/9
  1521 | D:2      | Killed a scorpion
  1632 | D:2      | Learned a level 3 spell: Tukima's Dance
  1657 | D:2      | Reached skill level 1 in Necromancy
  1673 | D:2      | Noticed Natasha
  1680 | D:2      | Killed Natasha
  1681 | D:2      | Reached XP level 5. HP: 25/25 MP: 11/11
  1715 | D:2      | Noticed Natasha
  1718 | D:2      | Killed Natasha
  1921 | D:2      | Noticed Natasha
  1925 | D:2      | Killed Natasha
  1926 | D:2      | Reached skill level 6 in Stealth
  2428 | D:3      | You fall into a shaft and drop 1 floor!
  2438 | D:4      | Reached skill level 1 in Ice Magic
  2481 | D:4      | Reached XP level 6. HP: 29/29 MP: 7/13
  2559 | D:4      | Reached skill level 7 in Stealth
  2644 | D:4      | Reached skill level 5 in Spellcasting
  2708 | D:4      | Found an ancient bone altar of Kikubaaqudgha.
  2709 | D:4      | Noticed a human
  2712 | D:4      | Killed a human
  2765 | D:4      | Reached XP level 7. HP: 32/32 MP: 12/15
  2809 | D:4      | Found Ehaba's Assorted Antiques.
  2889 | D:4      | Bought a scroll labelled LUUQISCHOLIU for 22 gold pieces
  2889 | D:4      | Bought a clear potion for 19 gold pieces
  2955 | D:4      | Reached skill level 8 in Stealth
  2975 | D:4      | Found a staircase to the Ecumenical Temple.
  2984 | Temple   | Entered the Ecumenical Temple
  3047 | D:4      | Learned a level 3 spell: Dazzling Flash
  3101 | D:4      | Reached skill level 5 in Hexes
  3306 | D:5      | Entered Level 5 of the Dungeon
  3450 | D:5      | Reached skill level 9 in Stealth
  3574 | D:5      | Reached XP level 8. HP: 37/37 MP: 14/17
  3610 | D:5      | Reached skill level 1 in Evocations
  4105 | D:5      | Reached skill level 10 in Stealth
  4469 | D:5      | Learned a level 3 spell: Vampiric Draining
  4500 | D:6      | HP: 1/37 [gnoll sergeant/+4 trident of flaming (5)]
  5079 | D:6      | Reached skill level 11 in Stealth
  5318 | D:6      | Reached XP level 9. HP: 40/40 MP: 20/20
  5884 | D:6      | Noticed a kobold demonologist
  5943 | D:6      | Found a transporter.
  5950 | D:6      | Noticed Gabide's ghost (novice FoBe)
  5956 | D:6      | Found a transporter.
  6065 | D:6      | Found a stormy altar of Qazlal.
  6646 | D:7      | Found a white marble altar of Elyvilon.
  6668 | D:7      | Reached skill level 1 in Fighting
  6668 | D:7      | Reached skill level 12 in Stealth
  7062 | D:7      | Found a glowing silver altar of Zin.
  7285 | D:7      | Learned a level 3 spell: Summon Guardian Golem
  7386 | D:8      | Identified the +10 hand axe of Bodily Humours {chaos,
                  | Dex+3}
  7412 | D:8      | Noticed a cyan ugly thing
  7454 | D:8      | Slain by a cyan ugly thing

Illustrated notes

Levels and vault maps discovered:
D:1:      eino_arrival_water_cross, layout_rooms,
          hellmonk_ecumenical_altar_pennies_from_heaven
D:2:      layout_loops_ring, corexii_hall_statues_i, minmay_tromino_i2,
          uniq_crazy_yiuf_cottage, uniq_natasha
D:3:      layout_loops_ring, ebering_ghost_reflecting_pool
D:4:      layout_rooms, tgw_kikubaaqudgha, minmay_temple_entry_mini_moons,
          serial_shops, shop
D:5:      layout_rooms, minivault_19
D:6:      cheibrodos_quashed, layout_cave_pools,
          nicolae_qazlal_eye_of_the_storm, gammafunk_ghost_arena
D:7:      layout_basic, elyvilon_altar_5, mainiacjoe_overflow_tiny_flanked,
          minmay_unpleasant_kobolds
D:8:      layout_basic, kennysheep_generic_room_8
Temple:   corrupted_temple

Skill      XL: |  1  2  3  4  5  6  7  8  9 |
---------------+----------------------------+-----
Hexes          | 4 5 6 7 |  7.3
Dodging        | 3 4 |  4.2
Stealth        | 5 6 7 9 11 12 | 12.4
Spellcasting   | 3 4 5 7 8 |  8.3
Short Blades   | 2 3 |  3.7
Necromancy     | 1 2 |  2.8
Ice Magic      | 1 2 3 |  3.3
Evocations     | 1 |  1.2
Fighting       | 1 |  1.1

Action                   |  1- 3 |  4- 6 |  7- 9 || total
-------------------------+-------+-------+-------++-------
Melee: Dagger            |    56 |    35 |    21 ||   112
       Punch             |     1 |       |     2 ||     3
       Short sword       |       |       |   185 ||   185
       Hand axe          |       |       |     2 ||     2
 Cast: Necrotise         |    14 |    12 |    19 ||    45
       Ensorcelled Hiber |    11 |    21 |    84 ||   116
       Tukima's Dance    |       |       |    28 ||    28
       Dazzling Flash    |       |       |     2 ||     2
Evoke: Wand              |       |     3 |     7 ||    10
  Use: Potion            |     4 |       |     6 ||    10
       Scroll            |     4 |     1 |    10 ||    15
 Stab: Sleeping          |    10 |    21 |    53 ||    84
       Distracted        |       |       |     2 ||     2
Armor: Skin              |     2 |       |       ||     2
       Robe              |     8 |     6 |    29 ||    43
Dodge: Dodged            |    48 |    23 |   163 ||   234
